 Dungeon Crawl Stone Soup version 0.29-a0-551-gffc1d7fb78 (webtiles) character file.

Game seed: 16527284930616685279

108 Crownlay the Digger (level 4, -1/27 HPs)
             Began as an Octopode Earth Elementalist on June 5, 2022.
             Slain by a centaur zombie (2 damage)
             ... in an ossuary.
             The game lasted 00:03:56 (3291 turns).

Crownlay the Digger (Octopode Earth Elementalist)   Turns: 3291, Time: 00:03:56

Health: -1/27      AC:  1    Str:  7    XL:     4   Next: 87%
Magic:  1/8        EV: 13    Int: 19    God:
Gold:   190        SH:  0    Dex: 15    Spells: 5/9 levels left

rFire   . . .      SeeInvis .   n - +10 whip "Yxup" {venom, Dex+3}
rCold   . . .      Faith    .   (no shield)
rNeg    . . .      Spirit   .   (helmet restricted)
rPois   .          Reflect  .   (no amulet)
rElec   .          Harm     .   i - ring of wizardry
rCorr   .          Rampage  .   (no ring)
Will    .....                   (no ring)
Stlth   +++.......              (no ring)
HPRegen 0.09/turn               (no ring)
MPRegen 0.11/turn               (no ring)
                                (no ring)
                                (no ring)

@: mighty
A: almost no armour, amphibious, 8 rings, camouflage 1, gelatinous body 1,
(nimble swimmer 1), tentacles
a: no special abilities


You were in an ossuary.
You visited 1 branch of the dungeon, and saw 4 of its levels.
You also visited: Ossuary.

You collected 190 gold pieces.

Inventory:

Hand Weapons
 n - the +10 whip "Yxup" (weapon) {venom, Dex+3}
   (You found it on level 2 of the Dungeon)

   It poisons the flesh of those it strikes.
   Dex:       It affects your dexterity (+3).
Missiles
 a - 144 stones
Jewellery
 i - a ring of wizardry (left tentacle)
 r - a ring of flight
Scrolls
 d - a scroll of acquirement {unknown}
 e - a scroll of magic mapping
 f - 3 scrolls of fog
 j - a scroll of immolation {unknown}
 k - 3 scrolls of identify
 l - a scroll of enchant armour {unknown}
 p - a scroll of blinking {unknown}
 s - a scroll of silence {unknown}
Potions
 b - a potion of magic
 c - 2 potions of might
 g - a potion of ambrosia {unknown}
 h - 2 potions of degeneration {unknown}
 m - a potion of lignification {unknown}
 o - a potion of heal wounds {unknown}
 q - a potion of cancellation {unknown}


   Skills:
 + Level 0.1 Fighting
 + Level 2.0 Dodging
 + Level 2.7 Stealth
 + Level 3.0 Spellcasting
 - Level 1.0 Transmutations
 * Level 4.7 Earth Magic


You had 5 spell levels left.
You knew the following spells:

 Your Spells              Type           Power      Damage    Failure   Level
a - Sandblast             Erth           40%        2d10      1%          1
b - Stone Arrow           Conj/Erth      22%        3d8       7%          3

Your spell library contained the following spells:

 Spells                   Type           Power      Damage    Failure   Level
 Passwall                 Tmut/Erth      10%        N/A       2%          2
 Apportation              Tloc           4%         N/A       6%          1
 Necrotize                Necr           8%         1d4       6%          1
 Summon Small Mammal      Summ           8%         N/A       6%          1
 Ensorcelled Hibernation  Hex/Ice        4%         N/A       9%          2
 Swiftness                Air            2%         N/A       17%         3
 Petrify                  Tmut/Erth      13%        N/A       19%         4


Dungeon Overview and Level Annotations

Branches:
Dungeon (4/15)            Ossuary (1/1)
 Temple: D:4-7

Altars:
Uskayaw


Innate Abilities, Weirdness & Mutations

You cannot wear most types of armour.
You are amphibious.
You can wear up to eight rings at the same time.
Your skin changes colour to match your surroundings (Stealth+).
Your rubbery body absorbs attacks. (AC +1, EV +1)
((You are camouflaged when in or above water. (Stealth+)))
You have tentacles for arms and can constrict up to eight enemies at once.


Message History

There is a sand-covered staircase here.
The world spins around you as you enter the gateway.
You enter an ossuary!
Found a gate leading back out of this place.
There is an empty arch of ancient stone here.
The spell is quite dangerous to miscast (8% risk of failure)!
Continue anyway?
The stone arrow hits the mummy!
The mummy is severely damaged.
The blast of sand hits the mummy.
The mummy is almost destroyed.
The blast of sand hits the mummy.
You destroy the mummy!
Your Spellcasting skill increases to level 3!
The blast of sand hits the mummy!
The mummy is heavily damaged.
The blast of sand hits the mummy.
The mummy is severely damaged.
The centaur zombie hits you. The centaur zombie misses you.
The blast of sand hits the mummy.
The mummy is almost destroyed.
The centaur zombie barely misses you. The centaur zombie closely misses you.
The mummy completely misses you. The mummy hits you!
Ouch! That really hurt!
* * * LOW HITPOINT WARNING * * *
The centaur zombie hits you.
* * * LOW HITPOINT WARNING * * *
The centaur zombie kicks you.
* * * LOW HITPOINT WARNING * * *
You are too injured to fight recklessly!
You are too injured to fight recklessly!
Okay, then.
Okay, then.
It was a potion of might.
You feel very mighty all of a sudden. The centaur zombie barely misses you.
The centaur zombie kicks you but does no damage.
You whack the mummy!
You destroy the mummy!
The centaur zombie hits you.
You die...

#
###########.#
##........^...
#.............
#.....∩.∩.....
#...M@Z....^..
##...........^
###########.#
#


You could see a mummy and a centaur zombie.

Vanquished Creatures
  2 mummies (Ossuary)
  4 adders (D:2)
  A worm (D:2)
  2 dart slugs (D:3)
  2 bats
  6 endoplasms
  3 giant cockroaches (D:1)
  3 goblins
  6 hobgoblins
  4 jackals (D:3)
  A quokka (D:3)
  2 ball pythons
  6 frilled lizards
  7 kobolds
  6 rats (D:1)
55 creatures vanquished.

Notes
Turn   | Place    | Note
-------+----------+-------------------------------------------
     0 | D:1      | Crownlay the Octopode Earth Elementalist began the quest
                  | for the Orb.
     0 | D:1      | Reached XP level 1. HP: 11/11 MP: 3/3
   162 | D:1      | Reached XP level 2. HP: 2/17 MP: 0/5
  1362 | D:1      | Reached XP level 3. HP: 20/21 MP: 6/6
  1366 | D:1      | Learned a level 3 spell: Stone Arrow
  1388 | D:1      | Found a faded altar of an unknown god.
  1684 | D:2      | Reached skill level 4 in Earth Magic
  1809 | D:2      | Identified the +10 whip "Yxup" {venom, Dex+3}
  1991 | D:2      | Reached XP level 4. HP: 14/27 MP: 6/8
  2540 | D:3      | Found a hide-covered altar of Uskayaw.
  3254 | D:4      | Found a sand-covered staircase.
  3282 | Ossuary  | Entered an ossuary
  3289 | Ossuary  | HP: 1/27 [centaur zombie (1)]
  3291 | Ossuary  | Slain by a centaur zombie

Illustrated notes

Levels and vault maps discovered:
D:1:      nzn_arrival_water_spiral, layout_basic,
          shapermc_ecumenical_altar_petra
D:2:      layout_loops_cross
D:3:      layout_loops_cross, overflow_temple_1_default, minmay_cut_off
D:4:      layout_basic, nicolae_ossuary_entry_monument, uniq_menkaure
Ossuary:  ossuary_the_hunt_dpeg

Skill      XL: |  1  2  3  4 |
---------------+-------------+-----
Earth Magic    | 4 |  4.7
Spellcasting   | 3 |  3.0
Fighting       | |  0.1
Dodging        | |  2.0
Stealth        | |  2.7
Transmutations | |  1.0

Action                   |  1- 3 |  4- 6 || total
-------------------------+-------+-------++-------
Melee: Unarmed           |    37 |       ||    37
       Constrict         |    16 |     7 ||    23
       Tentacles         |    13 |     5 ||    18
       Club              |    10 |       ||    10
       Punch             |     1 |       ||     1
       Whip              |     6 |    31 ||    37
 Cast: Sandblast         |    14 |     5 ||    19
       Stone Arrow       |       |     1 ||     1
  Use: Scroll            |       |     3 ||     3
       Potion            |       |     1 ||     1
 Stab: Sleeping          |     4 |     9 ||    13
Armor: Skin              |     4 |     2 ||     6
Dodge: Dodged            |    38 |    14 ||    52

Table legend: (Time is in decaauts)
 A = Elapsed time spent in this place.
 B = Non-inter-level travel time spent in this place.
 C = Inter-level travel time spent in this place.
 D = Time resting spent in this place.
 E = Time spent auto-exploring this place.
 F = Levels seen in this place.
 G = Mean time per level.
                   A        B        C        D        E       F      G
               +--------+--------+--------+--------+--------+-----+--------+
         Total |   3295 |   3238 |     57 |      0 |   2834 |   5 |  659.0 |
       Dungeon |   3286 |   3229 |     57 |      0 |   2834 |   4 |  821.5 |
       Ossuary |      8 |      8 |      0 |      0 |      0 |   1 |    8.0 |
               +--------+--------+--------+--------+--------+-----+--------+

Top non-repeatable levels by time:
     D:1: 1613 daAuts
     D:3: 793 daAuts
     D:2: 787 daAuts
     D:4: 93 daAuts
 Ossuary: 8 daAuts
